TOP OF THE 1ST |
Colorado Avalanche batting - Pitching for Palm Beach Nationals : RHP Greg Hall
|
Pitching: RHP Greg Hall
|
|
Batting: RHB Mike McElroy
|
0-0: DOUBLE (Line Drive, 8LXD, EV 109.4 MPH)
|
Batting: LHB Mick Tucker
|
0-0: Ball 1-0: Ball 2-0: Ball 3-0: Called Strike 3-1: Base on Balls
|
Batting: SHB Chris Besselman
|
0-0: Fly out, F8 (Flyball, 8RD, EV 93.8 MPH)
|
Batting: LHB Glenn Lowther
|
0-0: Ball 1-0: Ball 2-0: Ball 3-0: Base on Balls Mike McElroy to third Mick Tucker to second
|
Batting: RHB Matviy Oliynyk
|
0-0: Called Strike 0-1: SINGLE (Groundball, 5D, EV 100.6 MPH) Mike McElroy scores Mick Tucker to third Glenn Lowther to second Runner from 3rd tries for Home, SAFE, throw by LF to home
|
Batting: LHB Zane Kelton
|
0-0: Ball 1-0: Foul Ball, location: 2F 1-1: Ball Glenn Lowther is caught stealing 3rd base 2-5 2-1: Ball 3-1: Base on Balls Matviy Oliynyk to second
|
Batting: RHB Seisaburo Edagawa
|
0-0: Ball 1-0: Called Strike 1-1: Foul Ball, location: 2F 1-2: Ball 2-2: Fly out, F9 (Flyball, 9, EV 81.9 MPH)
|
Top of the 1st over - 2 runs, 2 hits, 0 errors, 2 left on base; Colorado 2 - Palm Beach 0 |
BOTTOM OF THE 1ST |
Palm Beach Nationals batting - Pitching for Colorado Avalanche : RHP Josh Blaschke
|
Pitching: RHP Josh Blaschke
|
|
Batting: LHB Chris Williams
|
0-0: Swinging Strike 0-1: Swinging Strike 0-2: Ball 1-2: Ball 2-2: Foul Ball, location: 2F 2-2: Strikes out swinging
|
Batting: RHB Taffounnout Kame
|
0-0: Called Strike 0-1: Ball 1-1: Swinging Strike 1-2: Strikes out swinging
|
Batting: RHB Er Le
|
0-0: Called Strike 0-1: Ball 1-1: Foul Ball, location: 2F 1-2: Strikes out swinging
|
Bottom of the 1st over - 0 runs, 0 hits, 0 errors, 0 left on base; Colorado 2 - Palm Beach 0 |
TOP OF THE 2ND |
Colorado Avalanche batting - Pitching for Palm Beach Nationals : RHP Greg Hall
|
Batting: LHB Nick Martin
|
0-0: Foul Ball, location: 2F 0-1: Ball 1-1: Ball 2-1: Ball 3-1: Foul Ball, location: 2F 3-2: Base on Balls
|
Batting: SHB Justin Jackson
|
0-0: Called Strike Nick Martin is caught stealing 2nd base 2-6 0-1: Ball 1-1: Ball 2-1: Ground out 4-3 (Groundball, 34D, EV 96.2 MPH)
|
Batting: RHB Mike McElroy
|
0-0: Called Strike 0-1: Called Strike 0-2: Ball 1-2: Fly out, F9 (Flyball, 9D, EV 92.5 MPH)
|
Top of the 2nd over - 0 runs, 0 hits, 0 errors, 0 left on base; Colorado 2 - Palm Beach 0 |
BOTTOM OF THE 2ND |
Palm Beach Nationals batting - Pitching for Colorado Avalanche : RHP Josh Blaschke
|
Batting: RHB Aaron Bateman
|
0-0: Ball 1-0: Ball 2-0: Called Strike 2-1: Swinging Strike 2-2: Ball 3-2: Base on Balls
|
Batting: RHB Scott Merritt
|
0-0: Fly out, F8 (Flyball, 8RM, EV 87.5 MPH)
|
Batting: SHB John Husson
|
0-0: Foul Ball, location: 2F 0-1: Called Strike 0-2: Strikes out swinging
|
Batting: RHB Kenny Ball
|
0-0: Called Strike 0-1: Ball Aaron Bateman steals 2nd base 1-1: Fly out, F7 (Line Drive, 7LM, EV 110.0 MPH)
|
Bottom of the 2nd over - 0 runs, 0 hits, 0 errors, 1 left on base; Colorado 2 - Palm Beach 0 |
TOP OF THE 3RD |
Colorado Avalanche batting - Pitching for Palm Beach Nationals : RHP Greg Hall
|
Batting: LHB Mick Tucker
|
0-0: Ball 1-0: Swinging Strike 1-1: Ground out 6-3 (Groundball, 6M, EV 78.8 MPH)
|
Batting: SHB Chris Besselman
|
0-0: Ball 1-0: SOLO HOME RUN (Flyball, 89XD, EV 112.5 MPH), Distance : 428 ft
|
Batting: LHB Glenn Lowther
|
0-0: Ball 1-0: SOLO HOME RUN (Flyball, 89XD, EV 103.1 MPH), Distance : 418 ft
|
Batting: RHB Matviy Oliynyk
|
0-0: Ball 1-0: Called Strike 1-1: Swinging Strike 1-2: Ball 2-2: Foul Ball, location: 2F 2-2: Fly out, F4 (Popup, 23, EV 86.2 MPH)
|
Batting: LHB Zane Kelton
|
0-0: Called Strike 0-1: Ball 1-1: Ground out 5-3 (Groundball, 56, EV 106.9 MPH)
|
Top of the 3rd over - 2 runs, 2 hits, 0 errors, 0 left on base; Colorado 4 - Palm Beach 0 |
BOTTOM OF THE 3RD |
Palm Beach Nationals batting - Pitching for Colorado Avalanche : RHP Josh Blaschke
|
Batting: RHB Joe Simmelink
|
0-0: Ball 1-0: Ball 2-0: Ground out 5-3 (Groundball, 56D, EV 80.6 MPH)
|
Batting: RHB Akira Ishihara
|
0-0: SINGLE (Groundball, 5D, EV 98.8 MPH)
|
Batting: LHB Chris Williams
|
0-0: SINGLE (Groundball, 6MS, EV 63.8 MPH) (infield hit) Akira Ishihara to second
|
Batting: RHB Taffounnout Kame
|
0-0: Ball 1-0: Ball 2-0: Ball 3-0: Base on Balls Akira Ishihara to third Chris Williams to second
|
Batting: RHB Er Le
|
0-0: Ball 1-0: Ball 2-0: Foul Ball, location: 2F 2-1: Called Strike 2-2: Ball 3-2: Base on Balls Akira Ishihara scores Chris Williams to third Taffounnout Kame to second
|
Batting: RHB Aaron Bateman
|
0-0: Swinging Strike 0-1: Foul Ball, location: 2F 0-2: Ball 1-2: Ball 2-2: SINGLE (Groundball, 56S, EV 65.0 MPH) (infield hit) Chris Williams scores Taffounnout Kame to third Er Le to second
|
Batting: RHB Scott Merritt
|
0-0: Foul Ball, location: 2F 0-1: Foul Ball, location: 2F 0-2: Ball 1-2: Foul Ball, location: 2F 1-2: Foul Ball, location: 2F 1-2: Ball 2-2: Ball 3-2: Foul Ball, location: 2F 3-2: Foul Ball, location: 2F 3-2: Strikes out looking and he ARGUES THE CALL AND IS TOSSED!
|
Batting: SHB John Husson
|
0-0: Foul Ball, location: 2F 0-1: Foul Ball, location: 2F 0-2: Foul Ball, location: 2F 0-2: Strikes out looking
|
Bottom of the 3rd over - 2 runs, 3 hits, 0 errors, 3 left on base; Colorado 4 - Palm Beach 2 |
TOP OF THE 4TH |
Colorado Avalanche batting - Pitching for Palm Beach Nationals : RHP Greg Hall
|
Now in LF: Steve Kunselman
|
|
Batting: RHB Seisaburo Edagawa
|
0-0: Called Strike 0-1: Swinging Strike 0-2: Ball 1-2: Foul Ball, location: 2F 1-2: Strikes out looking
|
Batting: LHB Nick Martin
|
0-0: Ball 1-0: Ball 2-0: Ball 3-0: Called Strike 3-1: Called Strike 3-2: Fly out, F8 (Flyball, 8RM, EV 98.8 MPH)
|
Batting: SHB Justin Jackson
|
0-0: Ball 1-0: Ball 2-0: Ball 3-0: Called Strike 3-1: Base on Balls
|
Batting: RHB Mike McElroy
|
0-0: Ball 1-0: Ball 2-0: Ball 3-0: Called Strike 3-1: Foul Ball, location: 2F 3-2: SINGLE (Groundball, 56, EV 94.4 MPH) Justin Jackson to second Justin Jackson to third
|
Batting: LHB Mick Tucker
|
0-0: Called Strike 0-1: Called Strike 0-2: 3-RUN HOME RUN (Flyball, 9D, EV 98.1 MPH), Distance : 368 ft
|
Batting: SHB Chris Besselman
|
0-0: Ball 1-0: Ball 2-0: Foul Ball, location: 2F 2-1: SOLO HOME RUN (Flyball, 7D, EV 106.2 MPH), Distance : 411 ft
|
Pitching: RHP Jessie Fisher
|
|
Batting: LHB Glenn Lowther
|
0-0: Called Strike 0-1: Ball 1-1: Ball 2-1: Foul Ball, location: 2F 2-2: Ball 3-2: Ground out 4-3 (Groundball, 4, EV 101.9 MPH)
|
Top of the 4th over - 4 runs, 3 hits, 0 errors, 0 left on base; Colorado 8 - Palm Beach 2 |
BOTTOM OF THE 4TH |
Palm Beach Nationals batting - Pitching for Colorado Avalanche : RHP Josh Blaschke
|
Batting: RHB Kenny Ball
|
0-0: Called Strike 0-1: Ball 1-1: Ball 2-1: Fly out, F4 (Line Drive, 4, EV 65.6 MPH)
|
Batting: RHB Joe Simmelink
|
0-0: Called Strike 0-1: Foul Ball, location: 2F 0-2: Ball 1-2: Ball 2-2: Foul Ball, location: 2F 2-2: Ground out 6-3 (Groundball, 6, EV 79.4 MPH)
|
Batting: RHB Akira Ishihara
|
0-0: Ball 1-0: Called Strike 1-1: Ground out 4-3 (Groundball, 4, EV 79.4 MPH)
|
Bottom of the 4th over - 0 runs, 0 hits, 0 errors, 0 left on base; Colorado 8 - Palm Beach 2 |
TOP OF THE 5TH |
Colorado Avalanche batting - Pitching for Palm Beach Nationals : RHP Jessie Fisher
|
Batting: RHB Matviy Oliynyk
|
0-0: Fly out, F9 (Flyball, 89M, EV 87.5 MPH)
|
Batting: LHB Zane Kelton
|
0-0: Ball 1-0: Foul Ball, location: 2F 1-1: Ball 2-1: Ball 3-1: Ground out 4-3 (Groundball, 34D, EV 106.2 MPH)
|
Batting: RHB Seisaburo Edagawa
|
0-0: SINGLE (Line Drive, 5D, EV 99.4 MPH)
|
Batting: LHB Nick Martin
|
0-0: Ground out 5-3 (Groundball, 25, EV 86.9 MPH)
|
Top of the 5th over - 0 runs, 1 hit, 0 errors, 1 left on base; Colorado 8 - Palm Beach 2 |
BOTTOM OF THE 5TH |
Palm Beach Nationals batting - Pitching for Colorado Avalanche : RHP Josh Blaschke
|
Batting: LHB Chris Williams
|
0-0: Ball 1-0: Swinging Strike 1-1: Ball 2-1: Ball 3-1: Base on Balls
|
Batting: RHB Taffounnout Kame
|
0-0: Called Strike 0-1: Swinging Strike 0-2: Ball 1-2: Foul Ball, location: 2F 1-2: Foul Ball, location: 2F 1-2: Fly out, F2 (Popup, 2LF, EV 93.8 MPH)
|
Batting: RHB Er Le
|
0-0: Called Strike 0-1: 2-RUN HOME RUN (Flyball, 7LD, EV 98.8 MPH), Distance : 379 ft
|
Batting: RHB Aaron Bateman
|
0-0: Ball 1-0: Foul Ball, location: 2F 1-1: Foul Ball, location: 2F 1-2: SINGLE (Groundball, 34D, EV 96.9 MPH)
|
Batting: RHB Steve Kunselman
|
0-0: Foul Ball, location: 2F 0-1: Ball 1-1: Ball 2-1: Ball 3-1: Base on Balls Aaron Bateman to second
|
Batting: SHB John Husson
|
0-0: SINGLE (Groundball, 4MD, EV 103.8 MPH) Aaron Bateman to third Steve Kunselman to second
|
Batting: RHB Kenny Ball
|
0-0: Ball 1-0: Ball 2-0: Ball 3-0: Called Strike 3-1: Base on Balls Aaron Bateman scores Steve Kunselman to third John Husson to second
|
Batting: RHB Joe Simmelink
|
0-0: Fly out, F9 (Flyball, 89M, EV 86.9 MPH) Runner from 3rd tags up, SCORES, throw by RF John Husson to third
|
Now in RF: Jerry Santana
|
|
Batting: RHB Akira Ishihara
|
0-0: Called Strike 0-1: Fly out, F8 (Flyball, 8LM, EV 88.8 MPH)
|
Bottom of the 5th over - 4 runs, 3 hits, 0 errors, 2 left on base; Colorado 8 - Palm Beach 6 |
TOP OF THE 6TH |
Colorado Avalanche batting - Pitching for Palm Beach Nationals : RHP Jessie Fisher
|
Batting: SHB Justin Jackson
|
0-0: Called Strike 0-1: Foul Ball, location: 2F 0-2: Ball 1-2: DOUBLE (Line Drive, 78D, EV 108.8 MPH)
|
Batting: RHB Mike McElroy
|
0-0: Ball 1-0: Called Strike 1-1: Ball 2-1: Fly out, F9 (Flyball, 9, EV 78.8 MPH) Runner from 2nd tags up, SAFE at 3rd with throw by RF
|
Batting: LHB Mick Tucker
|
0-0: Ball 1-0: Ball 2-0: Ball 3-0: Base on Balls
|
Batting: SHB Chris Besselman
|
0-0: Called Strike 0-1: Ball 1-1: Foul Ball, location: 2F 1-2: Ball 2-2: Ball Wild Pitch! Justin Jackson scores Mick Tucker to second 3-2: Base on Balls
|
Batting: LHB Glenn Lowther
|
0-0: Called Strike 0-1: 3-RUN HOME RUN (Flyball, 9D, EV 97.5 MPH), Distance : 378 ft
|
Batting: RHB Matviy Oliynyk
|
0-0: Ball 1-0: SOLO HOME RUN (Flyball, 78XD, EV 115.6 MPH), Distance : 451 ft
|
Batting: LHB Zane Kelton
|
0-0: Called Strike 0-1: Ball 1-1: SOLO HOME RUN (Flyball, 89XD, EV 115.0 MPH), Distance : 428 ft
|
Batting: LHB Jerry Santana
|
0-0: Foul Ball, location: 2F 0-1: Fly out, F7 (Flyball, 7, EV 93.1 MPH)
|
Batting: LHB Nick Martin
|
0-0: Ball 1-0: Swinging Strike 1-1: Ball 2-1: Ball 3-1: Base on Balls
|
Batting: SHB Justin Jackson
|
0-0: Ball 1-0: Called Strike 1-1: Foul Ball, location: 2F 1-2: Strikes out swinging
|
Top of the 6th over - 6 runs, 4 hits, 0 errors, 1 left on base; Colorado 14 - Palm Beach 6 |
BOTTOM OF THE 6TH |
Palm Beach Nationals batting - Pitching for Colorado Avalanche : RHP Josh Blaschke
|
Pitching: LHP Dan Ott
|
|
Batting: LHB Chris Williams
|
0-0: Fly out, F7 (Line Drive, 78M, EV 91.9 MPH)
|
Batting: RHB Taffounnout Kame
|
0-0: Ball 1-0: Swinging Strike 1-1: Ground out 6-3 (Groundball, 6, EV 94.4 MPH)
|
Batting: RHB Er Le
|
0-0: Called Strike 0-1: Called Strike 0-2: SINGLE (Line Drive, 8RS, EV 105.6 MPH)
|
Batting: RHB Aaron Bateman
|
0-0: Called Strike 0-1: Ball 1-1: Ball 2-1: Ball 3-1: Foul Ball, location: 2F 3-2: SINGLE (Groundball, 56D, EV 107.5 MPH) Er Le to second Er Le to third
|
Batting: RHB Steve Kunselman
|
0-0: Ball 1-0: Foul Ball, location: 2F 1-1: Ball 2-1: Ground out 5-3 (Groundball, 56S, EV 84.4 MPH)
|
Bottom of the 6th over - 0 runs, 2 hits, 0 errors, 2 left on base; Colorado 14 - Palm Beach 6 |
TOP OF THE 7TH |
Colorado Avalanche batting - Pitching for Palm Beach Nationals : RHP Jessie Fisher
|
Batting: RHB Dan Hoffman
|
0-0: SINGLE (Groundball, 56D, EV 98.8 MPH)
|
Batting: LHB Mick Tucker
|
0-0: Foul Ball, location: 2F 0-1: Called Strike 0-2: Ball 1-2: Ball 2-2: Ball 3-2: Base on Balls Dan Hoffman to second
|
Batting: SHB Chris Besselman
|
0-0: Ball 1-0: Ball 2-0: Ball 3-0: Called Strike 3-1: Base on Balls Dan Hoffman to third Mick Tucker to second
|
Pitching: RHP Mike Hamilton
|
|
Pinch Hitting: SHB Clayton Saunders
|
0-0: Called Strike 0-1: Foul Ball, location: 2F 0-2: SINGLE (Groundball, 34D, EV 102.5 MPH) Dan Hoffman scores Mick Tucker to third Chris Besselman to second
|
Pinch Hitting: RHB Carlos de Jesus
|
0-0: Ball 1-0: Fly out, F7 (Line Drive, 78M, EV 99.4 MPH) Runner from 3rd tags up, SCORES, no throw by LF
|
Pinch Hitting: RHB Josh Lofgreen
|
0-0: Swinging Strike 0-1: Ball 1-1: Ball 2-1: Ball 3-1: Base on Balls Chris Besselman to third Clayton Saunders to second
|
Pinch Hitting: RHB Xavier Williams
|
0-0: GRAND SLAM HOME RUN (Flyball, 78XD, EV 110.6 MPH), Distance : 441 ft
|
Pinch Hitting: SHB Rich McDonald
|
0-0: Ball 1-0: Ball 2-0: Foul Ball, location: 2F 2-1: Ball 3-1: Base on Balls
|
Pinch Hitting: RHB Ryan Ward
|
0-0: Ball 1-0: Called Strike 1-1: Ball 2-1: Reached on error, E5 (Groundball, 56, EV 82.5 MPH) Rich McDonald to second
|
Batting: RHB Dan Hoffman
|
0-0: SINGLE (Groundball, 13S, EV 62.5 MPH) (infield hit) Rich McDonald to third Ryan Ward to second
|
Batting: LHB Mick Tucker
|
0-0: Ball 1-0: Ball 2-0: GRAND SLAM HOME RUN (Flyball, 9LD, EV 96.2 MPH), Distance : 379 ft
|
Pitching: RHP Kiyonaga Nakamura
|
|
Batting: SHB Chris Besselman
|
0-0: Ball 1-0: Called Strike 1-1: Foul Ball, location: 2F 1-2: Ball 2-2: Ball 3-2: Foul Ball, location: 2F 3-2: Base on Balls
|
Batting: SHB Clayton Saunders
|
0-0: Ball 1-0: Ball 2-0: Fielders Choice at 2nd, 3-6 (Groundball, 3, EV 78.8 MPH)
|
Batting: RHB Carlos de Jesus
|
0-0: Ball 1-0: Called Strike 1-1: SINGLE (Groundball, 6MD, EV 93.8 MPH) Clayton Saunders to second Runner from 2nd tries for 3rd, SAFE, throw by CF made to third
|
Batting: RHB Josh Lofgreen
|
0-0: Ball 1-0: Ball 2-0: Foul Ball, location: 2F 2-1: Swinging Strike 2-2: Ball 3-2: DOUBLE (Line Drive, 89D, EV 107.5 MPH) Clayton Saunders scores Carlos de Jesus to third Carlos de Jesus scores
|
Batting: RHB Xavier Williams
|
0-0: Ball 1-0: Ball 2-0: Foul Ball, location: 2F 2-1: Ball 3-1: Base on Balls
|
Batting: SHB Rich McDonald
|
0-0: Ball 1-0: Foul Ball, location: 2F 1-1: Ball Wild Pitch! Josh Lofgreen to third Xavier Williams to second 2-1: Ball 3-1: Swinging Strike 3-2: Strikes out looking
|
Top of the 7th over - 12 runs, 7 hits, 1 error, 2 left on base; Colorado 26 - Palm Beach 6 |
BOTTOM OF THE 7TH |
Palm Beach Nationals batting - Pitching for Colorado Avalanche : LHP Dan Ott
|
Now at 2B: Josh Lofgreen
|
|
Now at 3B: Ryan Ward
|
|
Now at SS: Carlos de Jesus
|
|
Now in LF: Rich McDonald
|
|
Now in CF: Clayton Saunders
|
|
Now in RF: Craig Ruzic
|
|
Batting: SHB John Husson
|
0-0: Ball 1-0: Foul Ball, location: 2F 1-1: Called Strike 1-2: Foul Ball, location: 2F 1-2: Strikes out swinging
|
Pitching: LHP Juan Vargas
|
|
Batting: RHB Kenny Ball
|
0-0: Ball 1-0: Foul Ball, location: 2F 1-1: Fly out, F8 (Flyball, 8RD, EV 90.6 MPH)
|
Batting: RHB Joe Simmelink
|
0-0: Foul Ball, location: 2F 0-1: Ball 1-1: Swinging Strike 1-2: Strikes out swinging
|
Bottom of the 7th over - 0 runs, 0 hits, 0 errors, 0 left on base; Colorado 26 - Palm Beach 6 |
TOP OF THE 8TH |
Colorado Avalanche batting - Pitching for Palm Beach Nationals : RHP Kiyonaga Nakamura
|
Pinch Hitting: RHB Justin Garrett
|
0-0: Ground out U3 (Groundball, 3S, EV 88.1 MPH)
|
Batting: RHB Dan Hoffman
|
0-0: Ball 1-0: Foul Ball, location: 2F 1-1: Ball 2-1: Foul Ball, location: 2F 2-2: Foul Ball, location: 2F 2-2: Ball 3-2: Ground out 4-3 (Groundball, 34, EV 101.2 MPH)
|
Batting: LHB Mick Tucker
|
0-0: Foul Ball, location: 2F 0-1: Foul Ball, location: 2F 0-2: Ball 1-2: Ball 2-2: Foul Ball, location: 2F 2-2: Ball 3-2: Foul Ball, location: 2F 3-2: Base on Balls
|
Batting: SHB Chris Besselman
|
0-0: Ball 1-0: Ball 2-0: Ball 3-0: Base on Balls Mick Tucker to second
|
Pitching: RHP Vasag Semerjian
|
|
Batting: SHB Clayton Saunders
|
0-0: Called Strike 0-1: Ball 1-1: Foul Ball, location: 2F 1-2: Ball 2-2: Ball Wild Pitch! Mick Tucker to third Chris Besselman to second 3-2: Foul Ball, location: 2F 3-2: Foul Ball, location: 2F 3-2: SINGLE (Groundball, 4M, EV 79.4 MPH) (infield hit) Mick Tucker scores Chris Besselman to third
|
Batting: RHB Carlos de Jesus
|
0-0: Ball Balk! Chris Besselman scores Clayton Saunders to second 1-0: Ground out 6-3 (Groundball, 6, EV 98.1 MPH)
|
Top of the 8th over - 2 runs, 1 hit, 0 errors, 1 left on base; Colorado 28 - Palm Beach 6 |
BOTTOM OF THE 8TH |
Palm Beach Nationals batting - Pitching for Colorado Avalanche : LHP Juan Vargas
|
Now at 3B: Justin Garrett
|
|
Batting: RHB Akira Ishihara
|
0-0: Swinging Strike 0-1: Ground out 4-3 (Groundball, 4, EV 83.1 MPH)
|
Batting: LHB Chris Williams
|
0-0: Called Strike 0-1: Ball 1-1: Swinging Strike 1-2: Foul Ball, location: 2F 1-2: Ball 2-2: Foul Ball, location: 2F 2-2: Strikes out looking
|
Batting: RHB Taffounnout Kame
|
0-0: Ball 1-0: Ball 2-0: Called Strike 2-1: Ball 3-1: Called Strike 3-2: Foul Ball, location: 2F 3-2: Strikes out swinging
|
Bottom of the 8th over - 0 runs, 0 hits, 0 errors, 0 left on base; Colorado 28 - Palm Beach 6 |
TOP OF THE 9TH |
Colorado Avalanche batting - Pitching for Palm Beach Nationals : RHP Vasag Semerjian
|
Batting: RHB Josh Lofgreen
|
0-0: Called Strike 0-1: Foul Ball, location: 2F 0-2: Ball 1-2: Ball 2-2: Fly out, F9 (Flyball, 9, EV 94.4 MPH)
|
Batting: SHB Craig Ruzic
|
0-0: Ball 1-0: Ball 2-0: Swinging Strike 2-1: Called Strike 2-2: Ball 3-2: SINGLE (Flyball, 89S, EV 86.2 MPH)
|
Batting: SHB Rich McDonald
|
0-0: Foul Ball, location: 2F 0-1: Swinging Strike 0-2: Ball Wild Pitch! Craig Ruzic to second 1-2: Strikes out swinging
|
Pinch Hitting: LHB Paul McClintock
|
0-0: Called Strike 0-1: Foul Ball, location: 2F 0-2: Strikes out looking
|
Top of the 9th over - 0 runs, 1 hit, 0 errors, 1 left on base; Colorado 28 - Palm Beach 6 |
BOTTOM OF THE 9TH |
Palm Beach Nationals batting - Pitching for Colorado Avalanche : LHP Juan Vargas
|
Pitching: LHP Juan Rivera
|
|
Now at 3B: Paul McClintock
|
|
Batting: RHB Er Le
|
0-0: Foul Ball, location: 2F 0-1: Ball 1-1: Ball 2-1: Ball 3-1: Base on Balls
|
Batting: RHB Aaron Bateman
|
0-0: Ball 1-0: Fielders Choice at 2nd, 2-6 (Groundball, 2R, EV 69.4 MPH)
|
Batting: RHB Steve Kunselman
|
0-0: Ball Wild Pitch! Aaron Bateman to second 1-0: Called Strike 1-1: Swinging Strike 1-2: Ball 2-2: Strikes out swinging
|
Batting: SHB John Husson
|
0-0: Swinging Strike 0-1: Ball 1-1: Ball 2-1: DOUBLE (Flyball, 8LD, EV 102.5 MPH) Aaron Bateman scores
|
Batting: RHB Kenny Ball
|
0-0: Ball 1-0: Ball 2-0: Ball 3-0: Base on Balls
|
Batting: RHB Joe Simmelink
|
0-0: Swinging Strike 0-1: Called Strike 0-2: Foul Ball, location: 2F 0-2: Ball 1-2: Ball 2-2: Strikes out swinging
|
Bottom of the 9th over - 1 run, 1 hit, 0 errors, 2 left on base; Colorado 28 - Palm Beach 7 |
|